TOP OF THE 1ST |
Ft. Worth Cattlemen batting - Pitching for D.C. Divided : RHP Octavius Pringle
|
Pitching: RHP Octavius Pringle
|
|
Batting: RHB Dennis Wacher
|
0-0: Ball 1-0: Ball 2-0: Ball 3-0: Base on Balls
|
Batting: LHB Semo Hoaloha
|
0-0: Ball Dennis Wacher is caught stealing 2nd base 2-6 1-0: Ball 2-0: SOLO HOME RUN (Flyball, 89XD, EV 87.5 MPH), Distance : 421 ft
|
Batting: LHB Craig Woods
|
0-0: Foul Ball, location: 2F 0-1: Called Strike 0-2: Strikes out looking
|
Batting: SHB Kolby Hay
|
0-0: Foul Ball, location: 2F 0-1: Fly out, F7 (Line Drive, 7S, EV 94.4 MPH)
|
Top of the 1st over - 1 run, 1 hit, 0 errors, 0 left on base; Ft. Worth 1 - D.C. 0 |
BOTTOM OF THE 1ST |
D.C. Divided batting - Pitching for Ft. Worth Cattlemen : LHP Allen Werner
|
Pitching: LHP Allen Werner
|
|
Batting: RHB Kimi Okubo
|
0-0: Called Strike 0-1: Foul Ball, location: 2F 0-2: Ball 1-2: Foul Ball, location: 2F 1-2: Ball 2-2: Ball 3-2: Fly out, F6 (Line Drive, 6, EV 67.5 MPH)
|
Batting: LHB Bill Butler
|
0-0: Ball 1-0: Ball 2-0: Foul Ball, location: 2F 2-1: Foul Ball, location: 2F 2-2: Ball 3-2: Base on Balls
|
Batting: RHB Martín Chávez
|
0-0: Ball 1-0: Fly out, F9 (Flyball, 9LM, EV 98.1 MPH)
|
Batting: LHB Manuel Carmona
|
0-0: Swinging Strike 0-1: Ball 1-1: Foul Ball, location: 2F 1-2: Foul Ball, location: 2F 1-2: Fielders Choice at 2nd, 5-4 (Groundball, 5, EV 100.0 MPH)
|
Bottom of the 1st over - 0 runs, 0 hits, 0 errors, 1 left on base; Ft. Worth 1 - D.C. 0 |
TOP OF THE 2ND |
Ft. Worth Cattlemen batting - Pitching for D.C. Divided : RHP Octavius Pringle
|
Batting: RHB Derek Bangert
|
0-0: Ball 1-0: Swinging Strike 1-1: Ball 2-1: Called Strike 2-2: Foul Ball, location: 2F 2-2: Foul Ball, location: 2F 2-2: Ground out 3-1 (Groundball, 34, EV 103.1 MPH)
|
Batting: LHB Count Dante
|
0-0: Ball 1-0: Ball 2-0: Foul Ball, location: 2F 2-1: Foul Ball, location: 2F 2-2: Foul Ball, location: 2F 2-2: Ball 3-2: Ground out 4-3 (Groundball, 4, EV 103.1 MPH)
|
Batting: RHB Tsuneari Hirano
|
0-0: Fly out, F7 (Flyball, 7S, EV 84.4 MPH)
|
Top of the 2nd over - 0 runs, 0 hits, 0 errors, 0 left on base; Ft. Worth 1 - D.C. 0 |
BOTTOM OF THE 2ND |
D.C. Divided batting - Pitching for Ft. Worth Cattlemen : LHP Allen Werner
|
Batting: RHB Francisco Alhama
|
0-0: Foul Ball, location: 2F 0-1: Called Strike 0-2: Strikes out swinging
|
Batting: RHB Bartolo Álvarez
|
0-0: Ground out 1-3 (Groundball, 15S, EV 69.4 MPH)
|
Batting: SHB Billy Dotson
|
0-0: Ball 1-0: Swinging Strike 1-1: Ground out 5-3 (Groundball, 56S, EV 84.4 MPH)
|
Bottom of the 2nd over - 0 runs, 0 hits, 0 errors, 0 left on base; Ft. Worth 1 - D.C. 0 |
TOP OF THE 3RD |
Ft. Worth Cattlemen batting - Pitching for D.C. Divided : RHP Octavius Pringle
|
Batting: RHB Min-gook Ch'oe
|
0-0: Ball 1-0: Ground out U3 (Groundball, 34, EV 83.8 MPH)
|
Batting: RHB Lonnie Doble
|
0-0: Called Strike 0-1: Ball 1-1: Ball 2-1: Ball 3-1: DOUBLE (Line Drive, 78D, EV 105.0 MPH)
|
Batting: RHB Dennis Wacher
|
0-0: Foul Ball, location: 2F 0-1: Ball 1-1: Swinging Strike 1-2: Ball 2-2: SINGLE (Line Drive, 7LS, EV 101.9 MPH) Lonnie Doble to third Runner from 3rd tries for Home, SAFE, no throw by LF
|
Batting: LHB Semo Hoaloha
|
0-0: Called Strike 0-1: Ball 1-1: Ball 2-1: Fly out, F2 (Popup, 2RF, EV 91.2 MPH)
|
Batting: LHB Craig Woods
|
0-0: Ball 1-0: Fly out, F8 (Flyball, 8RS, EV 86.2 MPH)
|
Top of the 3rd over - 1 run, 2 hits, 0 errors, 1 left on base; Ft. Worth 2 - D.C. 0 |
BOTTOM OF THE 3RD |
D.C. Divided batting - Pitching for Ft. Worth Cattlemen : LHP Allen Werner
|
Batting: LHB Craig Morgan
|
0-0: Foul Ball, location: 2F 0-1: Ball 1-1: Ball 2-1: Foul Ball, location: 2F 2-2: Foul Ball, location: 2F 2-2: Ground out 4-3 (Groundball, 4M, EV 103.1 MPH)
|
Batting: RHB Layton Arntsen
|
0-0: Swinging Strike 0-1: Foul Ball, location: 2F 0-2: Ball 1-2: Strikes out swinging
|
Batting: RHB Kimi Okubo
|
0-0: DOUBLE (Flyball, 8LXD, EV 103.1 MPH)
|
Batting: LHB Bill Butler
|
0-0: Ball 1-0: Ball 2-0: Ground out 1-3 (Groundball, 13, EV 94.4 MPH)
|
Bottom of the 3rd over - 0 runs, 1 hit, 0 errors, 1 left on base; Ft. Worth 2 - D.C. 0 |
TOP OF THE 4TH |
Ft. Worth Cattlemen batting - Pitching for D.C. Divided : RHP Octavius Pringle
|
Batting: SHB Kolby Hay
|
0-0: Ball 1-0: Ball 2-0: Ball 3-0: Base on Balls
|
Batting: RHB Derek Bangert
|
0-0: Ball Kolby Hay steals 2nd base 1-0: Fly out, F9 (Line Drive, 9D, EV 83.8 MPH) Runner from 2nd tags up, SAFE at 3rd, no throw by RF
|
Batting: LHB Count Dante
|
0-0: Called Strike 0-1: Swinging Strike 0-2: Ball 1-2: Strikes out swinging
|
Batting: RHB Tsuneari Hirano
|
0-0: Called Strike 0-1: Ball 1-1: 2-RUN HOME RUN (Line Drive, 7LD, EV 100.0 MPH), Distance : 356 ft
|
Batting: RHB Min-gook Ch'oe
|
0-0: Swinging Strike 0-1: Called Strike 0-2: Foul Ball, location: 2F 0-2: Ball 1-2: Foul Ball, location: 2F 1-2: Ball 2-2: Foul Ball, location: 2F 2-2: Ground out 6-3 (Groundball, 6, EV 84.4 MPH)
|
Top of the 4th over - 2 runs, 1 hit, 0 errors, 0 left on base; Ft. Worth 4 - D.C. 0 |
BOTTOM OF THE 4TH |
D.C. Divided batting - Pitching for Ft. Worth Cattlemen : LHP Allen Werner
|
Batting: RHB Martín Chávez
|
0-0: SOLO HOME RUN (Flyball, 7D, EV 106.2 MPH), Distance : 383 ft
|
Batting: LHB Manuel Carmona
|
0-0: Fly out, F9 (Flyball, 89M, EV 94.4 MPH)
|
Batting: RHB Francisco Alhama
|
0-0: Fly out, F8 (Flyball, 78M, EV 81.9 MPH)
|
Batting: RHB Bartolo Álvarez
|
0-0: Foul Ball, location: 2F 0-1: Swinging Strike 0-2: Ball 1-2: Strikes out looking
|
Bottom of the 4th over - 1 run, 1 hit, 0 errors, 0 left on base; Ft. Worth 4 - D.C. 1 |
TOP OF THE 5TH |
Ft. Worth Cattlemen batting - Pitching for D.C. Divided : RHP Octavius Pringle
|
Batting: RHB Lonnie Doble
|
0-0: Called Strike 0-1: SINGLE (Groundball, 6D, EV 110.0 MPH)
|
Batting: RHB Dennis Wacher
|
0-0: Called Strike 0-1: Ball 1-1: Grounds into double play, 5-4-3 (Groundball, 5S, EV 89.4 MPH)
|
Batting: LHB Semo Hoaloha
|
0-0: Ball 1-0: Ball 2-0: Foul Ball, location: 2F 2-1: Fly out, F3 (Line Drive, 3, EV 61.9 MPH)
|
Top of the 5th over - 0 runs, 1 hit, 0 errors, 0 left on base; Ft. Worth 4 - D.C. 1 |
BOTTOM OF THE 5TH |
D.C. Divided batting - Pitching for Ft. Worth Cattlemen : LHP Allen Werner
|
Batting: SHB Billy Dotson
|
0-0: Called Strike 0-1: Foul Ball, location: 2F 0-2: Foul Ball, location: 2F 0-2: Foul Ball, location: 2F 0-2: Ball 1-2: Strikes out looking
|
Batting: LHB Craig Morgan
|
0-0: Ball 1-0: Ball 2-0: Called Strike 2-1: Foul Ball, location: 2F 2-2: Ball 3-2: Foul Ball, location: 2F 3-2: Base on Balls
|
Batting: RHB Layton Arntsen
|
0-0: Ball 1-0: Foul Ball, location: 2F 1-1: Fly out, F8 (Line Drive, 8RD, EV 91.2 MPH)
|
Batting: RHB Kimi Okubo
|
0-0: Called Strike 0-1: Foul Ball, location: 2F 0-2: Ball 1-2: Foul Ball, location: 2F 1-2: Ground out 4-3 (Groundball, 4, EV 81.9 MPH)
|
Bottom of the 5th over - 0 runs, 0 hits, 0 errors, 1 left on base; Ft. Worth 4 - D.C. 1 |
TOP OF THE 6TH |
Ft. Worth Cattlemen batting - Pitching for D.C. Divided : RHP Octavius Pringle
|
Batting: LHB Craig Woods
|
0-0: Foul Ball, location: 2F 0-1: Ball 1-1: Ball 2-1: Called Strike 2-2: Foul Ball, location: 2F 2-2: Foul Ball, location: 2F 2-2: Foul Ball, location: 2F 2-2: Foul Ball, location: 2F 2-2: Ground out 6-3 (Groundball, 6MS, EV 87.5 MPH)
|
Batting: SHB Kolby Hay
|
0-0: Foul Ball, location: 2F 0-1: Ball 1-1: Ball 2-1: Foul Ball, location: 2F 2-2: SOLO HOME RUN (Flyball, 89XD, EV 105.0 MPH), Distance : 429 ft
|
Pitching: RHP Eric Colquhoun
|
|
Batting: RHB Derek Bangert
|
0-0: Ball 1-0: Called Strike 1-1: Ground out 4-3 (Groundball, 4M, EV 90.6 MPH)
|
Batting: LHB Count Dante
|
0-0: Called Strike 0-1: Ball 1-1: Ball 2-1: Ball 3-1: Reached on error, E5 (Groundball, 5L, EV 91.9 MPH)
|
Batting: RHB Tsuneari Hirano
|
0-0: Called Strike 0-1: Called Strike 0-2: Ball 1-2: Ball 2-2: Strikes out looking
|
Top of the 6th over - 1 run, 1 hit, 1 error, 1 left on base; Ft. Worth 5 - D.C. 1 |
BOTTOM OF THE 6TH |
D.C. Divided batting - Pitching for Ft. Worth Cattlemen : LHP Allen Werner
|
Batting: LHB Bill Butler
|
0-0: Ball 1-0: Ball 2-0: Ball 3-0: Swinging Strike 3-1: SOLO HOME RUN (Flyball, 9LD, EV 111.2 MPH), Distance : 335 ft
|
Batting: RHB Martín Chávez
|
0-0: Foul Ball, location: 2F 0-1: Foul Ball, location: 2F 0-2: Ball 1-2: Foul Ball, location: 2F 1-2: Ground out 5-3 (Groundball, 56, EV 104.4 MPH)
|
Pitching: RHP Anthony Ledesma
|
|
Batting: LHB Manuel Carmona
|
0-0: Ball 1-0: Called Strike 1-1: Swinging Strike 1-2: Fly out, F7 (Flyball, 7LSF, EV 78.8 MPH)
|
Batting: RHB Francisco Alhama
|
0-0: Swinging Strike 0-1: Ball 1-1: Swinging Strike 1-2: Strikes out swinging
|
Bottom of the 6th over - 1 run, 1 hit, 0 errors, 0 left on base; Ft. Worth 5 - D.C. 2 |
TOP OF THE 7TH |
Ft. Worth Cattlemen batting - Pitching for D.C. Divided : RHP Eric Colquhoun
|
Batting: RHB Min-gook Ch'oe
|
0-0: Called Strike 0-1: Foul Ball, location: 2F 0-2: Ball 1-2: Ball 2-2: Ball 3-2: Base on Balls
|
Batting: RHB Lonnie Doble
|
0-0: Bunted foul 0-1: Sac Bunt to 13S - play at second, runner safe!
|
Batting: RHB Dennis Wacher
|
0-0: Called Strike 0-1: Called Strike 0-2: Strikes out swinging
|
Batting: LHB Semo Hoaloha
|
0-0: Foul Ball, location: 2F 0-1: Called Strike 0-2: Ball 1-2: Strikes out swinging
|
Pitching: RHP Sidney Crosbie
|
|
Batting: LHB Craig Woods
|
0-0: Ball 1-0: Ball 2-0: Ball 3-0: Foul Ball, location: 2F 3-1: Called Strike 3-2: Base on Balls Min-gook Ch'oe to third Lonnie Doble to second
|
Batting: SHB Kolby Hay
|
0-0: Ball 1-0: Fly out, F4 (Line Drive, 4, EV 71.9 MPH)
|
Top of the 7th over - 0 runs, 0 hits, 0 errors, 3 left on base; Ft. Worth 5 - D.C. 2 |
BOTTOM OF THE 7TH |
D.C. Divided batting - Pitching for Ft. Worth Cattlemen : RHP Anthony Ledesma
|
Batting: RHB Bartolo Álvarez
|
0-0: Ball 1-0: Foul Ball, location: 2F 1-1: Called Strike 1-2: Foul Ball, location: 2F 1-2: Foul Ball, location: 2F 1-2: Foul Ball, location: 2F 1-2: Ground out 4-3 (Groundball, 34, EV 108.8 MPH)
|
Batting: SHB Billy Dotson
|
0-0: Foul Ball, location: 2F 0-1: Fly out, F8 (Flyball, 8LXD, EV 88.8 MPH)
|
Batting: LHB Craig Morgan
|
0-0: Ball 1-0: Called Strike 1-1: Ball 2-1: Called Strike 2-2: Ball 3-2: Foul Ball, location: 2F 3-2: Base on Balls
|
Batting: RHB Layton Arntsen
|
0-0: Ball 1-0: Ball 2-0: Swinging Strike 2-1: Fielders Choice at 2nd, 6-4 (Groundball, 6, EV 85.6 MPH)
|
Bottom of the 7th over - 0 runs, 0 hits, 0 errors, 1 left on base; Ft. Worth 5 - D.C. 2 |
TOP OF THE 8TH |
Ft. Worth Cattlemen batting - Pitching for D.C. Divided : RHP Sidney Crosbie
|
Batting: RHB Derek Bangert
|
0-0: Ball 1-0: Ball 2-0: Called Strike 2-1: Foul Ball, location: 2F 2-2: Ball 3-2: Strikes out swinging
|
Batting: LHB Count Dante
|
0-0: Swinging Strike 0-1: Foul Ball, location: 2F 0-2: Ball 1-2: Strikes out swinging
|
Batting: RHB Tsuneari Hirano
|
0-0: Ball 1-0: Ball 2-0: Ball 3-0: Base on Balls
|
Pitching: RHP John McNeill
|
|
Batting: RHB Min-gook Ch'oe
|
0-0: Called Strike 0-1: Ball 1-1: Ball 2-1: Fly out, F6 (Line Drive, 6, EV 73.1 MPH)
|
Top of the 8th over - 0 runs, 0 hits, 0 errors, 1 left on base; Ft. Worth 5 - D.C. 2 |
BOTTOM OF THE 8TH |
D.C. Divided batting - Pitching for Ft. Worth Cattlemen : RHP Anthony Ledesma
|
Batting: RHB Kimi Okubo
|
0-0: Called Strike 0-1: Called Strike 0-2: Strikes out looking
|
Pitching: RHP Ignacio Uribe
|
|
Batting: LHB Bill Butler
|
0-0: Foul Ball, location: 2F 0-1: Called Strike 0-2: Ground out 6-3 (Groundball, 56, EV 110.0 MPH)
|
Batting: RHB Martín Chávez
|
0-0: Ball 1-0: Ball 2-0: Ball 3-0: Called Strike 3-1: Base on Balls
|
Batting: LHB Manuel Carmona
|
0-0: Fly out, F8 (Flyball, 8RXD, EV 99.4 MPH)
|
Bottom of the 8th over - 0 runs, 0 hits, 0 errors, 1 left on base; Ft. Worth 5 - D.C. 2 |
TOP OF THE 9TH |
Ft. Worth Cattlemen batting - Pitching for D.C. Divided : RHP John McNeill
|
Batting: RHB Lonnie Doble
|
0-0: Foul Ball, location: 2F 0-1: Ball 1-1: Swinging Strike 1-2: Foul Ball, location: 2F 1-2: Ball 2-2: Foul Ball, location: 2F 2-2: Ball 3-2: SINGLE (Groundball, 6MD, EV 97.5 MPH)
|
Batting: RHB Dennis Wacher
|
0-0: Grounds into double play, 4-6-3 (Groundball, 4, EV 100.6 MPH)
|
Batting: LHB Semo Hoaloha
|
0-0: Called Strike 0-1: Ball 1-1: Ball 2-1: Ball 3-1: Base on Balls
|
Batting: LHB Craig Woods
|
0-0: Foul Ball, location: 2F 0-1: Called Strike 0-2: Foul Ball, location: 2F 0-2: Ball 1-2: Ball 2-2: SINGLE (Line Drive, 3D, EV 93.8 MPH) Semo Hoaloha to second Runner from 2nd tries for 3rd, SAFE, throw by RF made to third
|
Batting: SHB Kolby Hay
|
0-0: Ball 1-0: Ground out U3 (Groundball, 3, EV 99.4 MPH)
|
Top of the 9th over - 0 runs, 2 hits, 0 errors, 2 left on base; Ft. Worth 5 - D.C. 2 |
BOTTOM OF THE 9TH |
D.C. Divided batting - Pitching for Ft. Worth Cattlemen : RHP Ignacio Uribe
|
Pitching: RHP Jack Buyse
|
|
Batting: RHB Francisco Alhama
|
0-0: Fly out, F5 (Popup, 5, EV 77.5 MPH)
|
Batting: RHB Bartolo Álvarez
|
0-0: Called Strike 0-1: Foul Ball, location: 2F 0-2: Foul Ball, location: 2F 0-2: Foul Ball, location: 2F 0-2: Foul Ball, location: 2F 0-2: Ball 1-2: Strikes out swinging
|
Batting: SHB Billy Dotson
|
0-0: Foul Ball, location: 2F 0-1: Foul Ball, location: 2F 0-2: Ball 1-2: Foul Ball, location: 2F 1-2: Ball 2-2: Ball 3-2: SINGLE (Groundball, 34D, EV 100.6 MPH)
|
Batting: LHB Craig Morgan
|
0-0: Called Strike 0-1: Foul Ball, location: 2F 0-2: Ball 1-2: Foul Ball, location: 2F 1-2: Ball 2-2: Fly out, F9 (Flyball, 89S, EV 93.8 MPH)
|
Bottom of the 9th over - 0 runs, 1 hit, 0 errors, 1 left on base; Ft. Worth 5 - D.C. 2 |
|